 Dungeon Crawl Stone Soup version 0.27-a0-263-gc8dee61f84 (webtiles) character file.

Game seed: 16109116291952514625

28 knot the Chopper (level 3, 29/29 HPs)
             Began as a Demonspawn Berserker on Feb 5, 2021.
             Was a Follower of Trog.
             Quit the game on level 2 of the Dungeon.
             The game lasted 00:01:03 (1438 turns).

knot the Chopper (Demonspawn Berserker)             Turns: 1438, Time: 00:01:04

Health: 29/29      AC:  5    Str: 17    XL:     3   Next: 0%
Magic:  3/3        EV: 11    Int:  9    God:    Trog [*.....]
Gold:   69         SH:  0    Dex: 12    Spells: 2/2 levels left

rFire    . . .     SeeInvis .   a - +0 hand axe
rCold    . . .     Faith    .   (no shield)
rNeg     . . .     Spirit   .   j - +0 ring mail
rPois    .         Reflect  .   (no helmet)
rElec    .         Harm     .   (no cloak)
rCorr    .         Rampage  .   (no gloves)
Will     .....                  (no boots)
Stlth    +.........             (no amulet)
HPRegen  1.09/turn              (no ring)
MPRegen  0.08/turn              (no ring)

@: no status effects
A: powered by death 1, demonic magic 1
a: Renounce Religion, Berserk


You were on level 2 of the Dungeon.
You worshipped Trog.
Trog was aware of your devotion.
You visited 1 branch of the dungeon, and saw 2 of its levels.

You collected 69 gold pieces.

Inventory:

Hand Weapons
 a - a +0 hand axe (weapon)
Missiles
 e - 24 poisoned darts (quivered)
 h - 14 stones
Armour
 j - a +0 ring mail (worn)
Scrolls
 f - a scroll of identify {unknown}
 g - a scroll of teleportation {unknown}
 i - a scroll of fear {unknown}
Potions
 c - a potion of ambrosia {unknown}
 d - a potion of curing {unknown}


   Skills:
 - Level 3.0 Fighting
 * Level 3.6 Axes
 * Level 0.8 Throwing
 - Level 1.7 Armour
 - Level 1.7 Dodging


You had 2 spell levels left.
You didn't know any spells.
Your spell library was empty.

Dungeon Overview and Level Annotations

Branches:
Dungeon (2/15)

Altars:


Innate Abilities, Weirdness & Mutations

You regenerate a little health from kills.
Spells you cast may paralyse adjacent enemies.


Message History

You closely miss the bat. The bat barely misses you.
You hit the bat.
The bat is moderately wounded.
The bat barely misses you. The bat closely misses you.
You miss the bat. The bat barely misses you. x2
The bat barely misses you. The bat closely misses you.
You see here a poisoned dart.
The bat hits you. The bat closely misses you.
The bat closely misses you. x2; The bat hits you but does no damage.
You hit the bat.
You kill the bat!
Trog accepts your kill.
You have reached level 3!
Your experience leads to an increase in your attributes!
Increase (S)trength, (I)ntelligence, or (D)exterity?
You feel clever.
Your demonic ancestry asserts itself...
A menacing aura infuses your magic.
Are you sure you want to abandon this character and quit the game? (Confirm with "yes".)

#########.#
###########†.(..@...#
.<..........#########
#############


There were no monsters in sight!

Vanquished Creatures
  2 leopard geckos (D:1)
  3 bats
  2 giant cockroaches (D:1)
  5 goblins (D:1)
  4 hobgoblins
  3 jackals (D:1)
  A kobold (D:1)
  A rat (D:1)
21 creatures vanquished.

Notes
Turn   | Place    | Note
-------+----------+-------------------------------------------
     0 | D:1      | knot the Demonspawn Berserker began the quest for the Orb.
     0 | D:1      | Reached XP level 1. HP: 18/18 MP: 1/1
   397 | D:1      | Gained mutation: You regenerate a little health from kills.
                  | [demonic ancestry]
   397 | D:1      | Reached XP level 2. HP: 18/24 MP: 2/2
  1438 | D:2      | Gained mutation: Spells you cast may paralyse adjacent
                  | enemies. [demonic ancestry]
  1438 | D:2      | Reached XP level 3. HP: 29/29 MP: 3/3
  1438 | D:2      | Quit the game

Illustrated notes

Levels and vault maps discovered:
D:1:      dpeg_arrival_erosion, layout_loops_ring
D:2:      layout_loops_ring, kennysheep_generic_room_11, uniq_robin

Skill      XL: |  1 |
---------------+----+-----
Axes           | 3 |  3.6
Fighting       | |  3.0
Throwing       | |  0.8
Armour         | |  1.7
Dodging        | |  1.7

Action                   || total
-------------------------++-------
Melee: Hand axe          ||    42
Throw: Dart              ||    18
Invok: Berserk           ||     1
Armor: Animal skin       ||     4
       Ring mail         ||     8
Dodge: Dodged            ||    55

Table legend: (Time is in decaauts)
 A = Elapsed time spent in this place.
 B = Non-inter-level travel time spent in this place.
 C = Inter-level travel time spent in this place.
 D = Time resting spent in this place.
 E = Time spent auto-exploring this place.
 F = Levels seen in this place.
 G = Mean time per level.
                   A        B        C        D        E       F      G
               +--------+--------+--------+--------+--------+-----+--------+
         Total |   1451 |   1416 |     35 |    507 |    770 |   2 |  725.5 |
       Dungeon |   1451 |   1416 |     35 |    507 |    770 |   2 |  725.5 |
               +--------+--------+--------+--------+--------+-----+--------+

Top non-repeatable levels by time:
     D:1: 1424 daAuts
     D:2: 26 daAuts
